 Dungeon Crawl Stone Soup version 0.26-a0-6-g448add79b7 (webtiles) character file.

Game seed: 18461449786414241, levelgen mode: deterministic

11876 Echocat the Fighter (level 11, 0/101 HPs)
             Began as a Minotaur Berserker on May 24, 2020.
             Was a High Priest of Trog.
             Slain by a yak (1 damage)
             ... on level 10 of the Dungeon.
             The game lasted 00:45:05 (9374 turns).

Echocat the Fighter (Minotaur Berserker)            Turns: 9374, Time: 00:45:06

Health: 0/101      AC: 16    Str: 25    XL:     11   Next: 55%
Magic:  13/13      EV: 14    Int:  4    God:    Trog [*****.]
Gold:   472        SH:  0    Dex: 10    Spells: 10/10 levels left

rFire    . . .     SeeInvis .   M - +4 war axe (freeze)
rCold    . . .     Gourm    .   (no shield)
rNeg     . . .     Faith    .   o - +5 scale mail of Nagud {rPois}
rPois    +         Spirit   .   (helmet restricted)
rElec    .         Reflect  .   s - +0 cloak
rCorr    .         Harm     .   (no gloves)
MR       ++...                  m - +0 pair of boots
Stlth    +.........             E - amulet of regeneration
HPRegen  1.66/turn              (no ring)
MPRegen  0.13/turn              (no ring)

@: about to teleport, regenerating
A: retaliatory headbutt, horns 2
a: Berserk, Trog's Hand, Brothers in Arms, Renounce Religion


You were on level 10 of the Dungeon.
You worshipped Trog.
Trog was extremely pleased with you.
You were hungry.

You visited 1 branch of the dungeon, and saw 10 of its levels.

You collected 472 gold pieces.

Inventory:

Hand Weapons
 g - a +4 vorpal falchion
 q - a +3 quarterstaff of chaos
 t - a +3 dagger of electrocution
 x - a +1 whip of freezing
 B - a +1 war axe of flaming
 K - a +1 flail of holy wrath
 L - a +0 mace of draining
 M - a +4 war axe of freezing (weapon)
 N - a +0 antimagic rapier
 P - a +2 whip of venom
 S - a +0 dire flail
 Z - a +4 dagger of speed
Missiles
 e - 37 poisoned darts (quivered)
 j - 17 boomerangs
 A - 11 silver boomerangs
 C - 2 datura-tipped darts
 I - 7 javelins
Armour
 m - a +0 pair of boots (worn)
 o - the +5 scale mail of Nagud (worn) {rPois}
   (You found it on level 4 of the Dungeon)

   It protects you from poison.
 s - a +0 cloak (worn)
 v - a scarf of harm
 F - a +0 pair of boots
 O - +0 gold dragon scales
 V - a +0 pair of boots
 W - the +1 robe of Indecent Exposure {rF+ Dex+2 Stlth+, unknown}
   (You found it on level 10 of the Dungeon)

   It affects your dexterity (+2).
   It protects you from fire.
   It makes you more stealthy.
Magical Staves
 Q - an uncursed staff of fire
Jewellery
 u - an uncursed ring of wizardry
 E - an amulet of regeneration (around neck)
 T - an uncursed amulet of the acrobat {unknown}
Wands
 w - a wand of random effects (6)
 J - a wand of paralysis (10)
 R - a wand of polymorph (8)
 X - a wand of clouds (5)
Scrolls
 a - 2 scrolls of teleportation
 f - a scroll of noise
 h - 9 scrolls of remove curse
 n - a scroll of enchant armour
 y - a scroll of fear
 H - 2 scrolls of immolation
 Y - a scroll of identify
Potions
 b - a potion of flight
 d - a potion of magic {unknown}
 i - 2 potions of degeneration {unknown}
 k - 2 potions of invisibility {unknown}
 l - 2 potions of haste
 p - 3 potions of brilliance {unknown}
 r - a potion of curing {unknown}
 z - a potion of berserk rage {unknown}
 D - 4 potions of stabbing
 G - a potion of lignification
 U - a potion of resistance
Comestibles
 c - 11 rations


   Skills:
 * Level 10.7 Fighting
 + Level 7.4 Short Blades
 + Level 5.7 Throwing
 * Level 10.3 Armour
 * Level 9.4 Dodging
 + Level 5.3 Stealth
 + Level 4.5 Evocations


You had 10 spell levels left.
You didn't know any spells.
Your spell library contained the following spells:

 Spells                   Type           Power        Failure   Level  Hunger
 Corona                   Hex            #......      75%         1    ##.....
 Ensorcelled Hibernation  Hex/Ice        #.....       86%         2    ###....
 Confusing Touch          Hex            #.......     98%         3    ####...
 Dazzling Flash           Conj/Hex       #.....       98%         3    ####...
 Gell's Gravitas          Tloc           #.........   98%         3    ####...
 Tukima's Dance           Hex            #.......     98%         3    ####...
 Petrify                  Tmut/Erth      #.......     100%        4    #####..
 Irradiate                Conj/Tmut      #.........   100%        5    ######.
 Metabolic Englaciation   Hex/Ice        #.........   100%        5    ######.
 Yara's Violent Unravell  Hex/Tmut       #.........   100%        5    ######.
 Hydra Form               Tmut           #.........   100%        6    #######
 Statue Form              Tmut/Erth      #........    100%        6    #######
 Dragon Form              Tmut           #.........   100%        7    #######


Dungeon Overview and Level Annotations

Branches:
Dungeon (10/15)            Temple (0/1) D:5            Lair (0/6) D:9
    Orc (0/2) D:10

Altars:
Ashenzari
Elyvilon
Hepliaklqana
Makhleb
Sif Muna
Trog
Vehumet
Xom
Zin

Annotations:
D:5 2 transporters
D:9 3 runed translucent doors


Innate Abilities, Weirdness & Mutations

You reflexively headbutt those who attack you in melee.
You have a pair of horns on your head.


Message History

The yak gores you but does no damage. The yak barely misses you.
You furiously retaliate!
You headbutt the yak!
Your skin crawls.
You feel resistant to hostile enchantments.
You are feeling hungry.
The bullfrog closely misses you. The yak gores you.
* * * LOW HITPOINT WARNING * * *
The yak gores you but does no damage. The yak gores you!
* * * LOW HITPOINT WARNING * * *
The yak gores you!
* * * LOW HITPOINT WARNING * * *
As you read the scroll of teleportation, it crumbles to dust.
You feel strangely unstable.
The bullfrog hits you but does no damage.
The bullfrog misses you. The yak gores you.
* * * LOW HITPOINT WARNING * * *
The yak gores you.
* * * LOW HITPOINT WARNING * * *
The yak closely misses you. The yak gores you.
You die...

## #...# ##8##...##
.......... ..
....⌠.. .## ......
.. #..Y# .#
####.FY## .#
#.#8.Y@8# .# #
#.##^YY## # .#
#.##...# ##.# #.
#.##...## ...## #.
#.#8...8#
..>.###.###.##...##
.............)...#
............######
...........##


You could see 5 yaks and a bullfrog.

Vanquished Creatures
  Josephine (D:9)
  A hydra (D:9)
  A centaur warrior (D:8)
  Pikel (D:4)
  Maggie (D:10)
  A slime creature (D:8)
  A hippogriff (D:8)
  Sigmund (D:4)
  8 yaks
  2 wyverns
  2 hungry ghosts (D:9)
  5 wraiths
  A two-headed ogre zombie (D:10)
  4 orc warriors
  2 sky beasts
  2 black bears
  A slave (D:4)
  A necrophage (D:7)
  8 ice beasts
  3 phantoms
  4 centaurs
  6 ogres
  A big kobold (D:8)
  6 bullfrogs
  3 scorpions
  6 killer bees
  8 wights
  6 howler monkeys
  8 crimson imps
  A quasit (D:9)
  Crazy Yiuf (D:4)
  2 centaur zombies
  2 jellies
  5 orc priests
  9 hounds
  2 bullfrog skeletons
  10 orc wizards
  3 worker ants
  6 ogre zombies (D:10)
  A hound zombie (D:7)
  A hound skeleton (D:8)
  3 worker ant zombies
  A howler monkey skeleton (D:9)
  16 adders
  5 shadow imps
  An ooze (D:3)
  4 worms
  A dart slug (D:2)
  8 leopard geckos
  43 orcs
  3 ball pythons
  8 bats
  4 giant cockroaches
  3 goblins
  8 hobgoblins
  4 jackals
  2 quokkas (D:3)
  A ball python skeleton (D:4)
  10 frilled lizards
  2 goblin skeletons (D:10)
  6 goblin zombies (D:10)
  2 hobgoblin zombies (D:10)
  2 jackal skeletons (D:4)
  5 kobolds
  2 leopard gecko skeletons
  5 orc skeletons (D:10)
  10 orc zombies (D:10)
  A quokka skeleton (D:6)
  A quokka zombie (D:6)
  9 rats
308 creatures vanquished.

Vanquished Creatures (collateral kills)
  2 orc wizards (D:10)
  An orc (D:10)
3 creatures vanquished.

Vanquished Creatures (others)
  6 plants (D:5)
6 creatures vanquished.

Grand Total: 317 creatures vanquished

Notes
Turn   | Place    | Note
-------+----------+-------------------------------------------
     0 | D:1      | Echocat the Minotaur Berserker began the quest for the Orb.
     0 | D:1      | Reached XP level 1. HP: 19/19 MP: 0/0
   231 | D:1      | Reached XP level 2. HP: 27/27 MP: 1/1
   252 | D:1      | You fall into a shaft and drop 1 floor!
   269 | D:2      | Found a shattered altar of Ashenzari.
   278 | D:2      | Found a white marble altar of Elyvilon.
   426 | D:2      | Found a shimmering blue altar of Sif Muna.
   488 | D:2      | Reached ** piety under Trog
   488 | D:2      | Reached XP level 3. HP: 33/33 MP: 2/2
   819 | D:2      | Found a faded altar of an unknown god.
  1161 | D:2      | Found a hazy altar of Hepliaklqana.
  1514 | D:3      | Reached XP level 4. HP: 41/41 MP: 3/3
  1544 | D:3      | Reached skill level 1 in Throwing
  1754 | D:3      | Reached skill level 1 in Stealth
  1847 | D:3      | Reached XP level 5. HP: 37/47 MP: 4/4
  1925 | D:3      | Found a shimmering altar of Xom.
  2063 | D:3      | Reached *** piety under Trog
  2500 | D:3      | Found a burning altar of Makhleb.
  2506 | D:3      | Reached skill level 5 in Fighting
  2816 | D:4      | Noticed a slave
  2816 | D:4      | Noticed a slave
  2817 | D:4      | Noticed a slave
  2819 | D:4      | Noticed Pikel
  2819 | D:4      | Noticed a slave
  2832 | D:4      | Killed a slave
  2838 | D:4      | Killed Pikel
  2838 | D:4      | Reached skill level 5 in Armour
  2838 | D:4      | Reached XP level 6. HP: 40/57 MP: 5/5
  2838 | D:4      | Reached XP level 7. HP: 45/63 MP: 6/6
  2967 | D:4      | Noticed Sigmund
  2989 | D:4      | Killed Sigmund
  3588 | D:4      | Got a brightly glowing scale mail
  3599 | D:4      | Identified the +5 scale mail of Nagud {rPois} (You found it
                  | on level 4 of the Dungeon)
  3925 | D:4      | Found a runed translucent door.
  3926 | D:4      | Noticed Crazy Yiuf
  3982 | D:4      | Killed Crazy Yiuf
  3982 | D:4      | Reached skill level 5 in Dodging
  4046 | D:5      | Entered Level 5 of the Dungeon
  4139 | D:5      | Reached XP level 8. HP: 71/71 MP: 7/7
  4203 | D:5      | Found a transporter.
  4222 | D:5      | Found a staircase to the Ecumenical Temple.
  4341 | D:5      | Found a transporter.
  4642 | D:5      | Reached skill level 1 in Evocations
  4858 | D:6      | Reached skill level 5 in Short Blades
  4920 | D:6      | Reached **** piety under Trog
  5359 | D:6      | Reached XP level 9. HP: 79/79 MP: 9/9
  6478 | D:8      | Reached ***** piety under Trog
  6627 | D:8      | Noticed a centaur warrior
  6633 | D:8      | Reached XP level 10. HP: 90/90 MP: 11/11
  6644 | D:8      | Killed a centaur warrior
  6870 | D:8      | Found a glowing silver altar of Zin.
  7016 | D:8      | Found a burning altar of Makhleb.
  7017 | D:8      | Found a radiant altar of Vehumet.
  7253 | D:8      | Reached skill level 5 in Throwing
  7570 | D:9      | Noticed a seven-headed hydra
  7586 | D:9      | Reached skill level 10 in Fighting
  7591 | D:9      | Killed a three-headed hydra
  7591 | D:9      | Reached XP level 11. HP: 12/99 MP: 11/13
  7932 | D:9      | Found a runed translucent gate.
  7932 | D:9      | Found a runed translucent gate.
  7933 | D:9      | Found a runed translucent gate.
  7933 | D:9      | Noticed a glowing orange brain
  7933 | D:9      | Noticed a white ugly thing
  7933 | D:9      | Noticed a white ugly thing
  7934 | D:9      | Noticed a green very ugly thing
  8071 | D:9      | Found a bloodstained altar of Trog.
  8111 | D:9      | Found a staircase to the Lair.
  8131 | D:9      | Noticed a purple ugly thing
  8131 | D:9      | Noticed a purple ugly thing
  8189 | D:10     | Entered Level 10 of the Dungeon
  8229 | D:10     | Found a staircase to the Orcish Mines.
  8313 | D:10     | Noticed Josephine
  8384 | D:10     | Reached skill level 5 in Stealth
  8545 | D:10     | Reached ****** piety under Trog
  8545 | D:10     | Received a gift from Trog
  8767 | D:10     | Got an ominously black robe
  8795 | D:10     | Reached skill level 10 in Armour
  9005 | D:9      | Killed Josephine
  9326 | D:10     | Noticed Maggie
  9342 | D:10     | Killed Maggie
  9373 | D:10     | HP: 5/101 [yak (9)]
  9374 | D:10     | HP: 1/101 [yak (2)]
  9374 | D:10     | Slain by a yak

Illustrated notes

Levels and vault maps discovered:
D:1:      minmay_arrival_floating_metal, layout_rooms, serial_bayou_ford_a
D:2:      layout_loops_corners, nicolae_overflow_quartered_altars,
          chequers_ecumenical_altar_island, kennysheep_generic_room_3
D:3:      minmay_octagon_keep, layout_basic, nicolae_overflow_crystal_walls,
          makhleb_blood_cavern_becter
D:4:      layout_basic, first_ration, uniq_crazy_yiuf_cottage, uniq_sigmund,
          uniq_pikel
D:5:      layout_basic, minmay_temple_entry_arrows,
          gammafunk_ghost_gnarly_gnolls, st_stairs_6
D:6:      layout_loops_ring, minivault_23
D:7:      layout_cave_pools
D:8:      minmay_ornate_pinched, layout_rooms,
          grunt_temple_overflow_lords_of_destruction, lemuel_round_altar
D:9:      layout_rooms, lightli_temple_of_fire, lair_entry_dummy,
          ploomutoo_gammafunk_ghost_potion_laboratory
D:10:     layout_rooms, zombieorc2_lemuel, serial_corexii_hall,
          corexii_hall_statues_u, corexii_hall_statues_x, uniq_maggie,
          uniq_josephine

Skill      XL: |  1  2  3  4  5  6  7  8  9 10 11 |
---------------+----------------------------------+-----
Fighting       | 4 6 7 8 10 | 10.7
Armour         | 3 5 6 8 9 10 | 10.3
Throwing       | 1 2 3 4 5 |  5.7
Dodging        | 3 4 5 6 7 8 9 |  9.4
Stealth        | 1 2 3 4 5 |  5.3
Short Blades   | 4 5 6 7 |  7.4
Evocations     | 1 2 4 |  4.5

Action                   |  1- 3 |  4- 6 |  7- 9 | 10-12 || total
-------------------------+-------+-------+-------+-------++-------
Melee: Short sword       |   108 |    75 |       |       ||   183
       Headbutt          |    12 |    18 |    62 |   107 ||   199
       Dagger            |       |    65 |   309 |   226 ||   600
       War axe           |       |       |       |   213 ||   213
Throw: Dart              |       |       |     7 |     7 ||    14
       Boomerang         |       |       |     5 |     3 ||     8
Invok: Berserk           |       |       |       |     1 ||     1
       Trog's Hand       |       |       |       |     1 ||     1
  Use: Scroll            |     6 |     2 |     5 |     4 ||    17
       Potion            |       |     1 |     3 |     1 ||     5
 Stab: Sleeping          |       |       |       |     1 ||     1
  Eat: Chunk             |     2 |     4 |    11 |     5 ||    22
       Ration            |       |       |     1 |     3 ||     4
Armor: Animal skin       |     2 |       |       |       ||     2
       Ring mail         |    44 |    35 |     6 |       ||    85
       Scale mail        |       |       |   106 |   274 ||   380
Dodge: Dodged            |    75 |    70 |   141 |   416 ||   702

Table legend:
 A = Non-vault XP
 B = Vault XP
 C = Vault XP percentage of total XP
 D = Non-vault monster count
 E = Vault monster count
 F = Vault count percentage of total count
                 A         B        C        D         E       F
            +---------+---------+-------+---------+---------+-------
      Total |   10792 |    6175 |  36.4 |     239 |      71 |  22.9
            +---------+---------+-------+---------+---------+-------
        D:1 |      13 |       0 |   0.0 |       8 |       0 |   0.0
        D:2 |      69 |      14 |  16.9 |      25 |       1 |   3.8
        D:3 |     171 |      84 |  32.9 |      30 |      11 |  26.8
        D:4 |      56 |     916 |  94.2 |      10 |       3 |  23.1
        D:5 |     454 |      45 |   9.0 |      16 |       1 |   5.9
        D:6 |    1401 |       0 |   0.0 |      33 |       0 |   0.0
        D:7 |    1020 |       0 |   0.0 |      15 |       0 |   0.0
        D:8 |    3604 |    1914 |  34.7 |      47 |      13 |  21.7
        D:9 |    2802 |    2240 |  44.4 |      38 |       8 |  17.4
       D:10 |    1202 |     962 |  44.5 |      17 |      34 |  66.7
            +---------+---------+-------+---------+---------+-------
